 Dungeon Crawl Stone Soup version 0.31-a0-234-gad7ace16ef (webtiles) character file.

Game seed: 1656150602264548767

3873 Nattfarinn the Skirmisher (level 10, -14/76 HPs)
             Began as a Djinni Hexslinger on July 10, 2023.
             Was a Priest of Okawaru.
             Demolished by an orc warlord
             ... wielding a +8 battleaxe
              (38 damage)
             ... in a bailey.
             The game lasted 00:33:03 (8484 turns).

Nattfarinn the Skirmisher (Djinni Hexslinger)       Turns: 8484, Time: 00:33:03

Health: -14/76     AC:  3    Str:  7    XL:     10   Next: 42%
Gold:   424        EV: 19    Int: 22    God:    Okawaru [***...] SH:  0 Dex: 19

rFire   + + .        a - +1 sling (elec)
rCold   x . .        (no shield)
rNeg    . . .        c - +0 robe
rPois   ∞            j - +0 helmet
rElec   .            (no cloak)
rCorr   .            (no gloves)
SInv    .            (boots unavailable)
Will    +....        (no amulet)
Stlth   ++           m - +6 ring of intelligence
HPRegen 0.32/turn    v - +5 ring of evasion
MPRegen 0.00/turn

%: infuse magic (-15 HP)
@: about to teleport, flying
A: sickness immunity, fire resistance 2, cold vulnerability 1, float, innate
caster, HP casting, extra vitality 1
a: Renounce Religion, Heroism


You were in a bailey.
You worshipped Okawaru.
Okawaru was most pleased with you.
You visited 1 branch of the dungeon, and saw 7 of its levels.
You also visited: Ossuary and Bailey.

You collected 424 gold pieces.

Inventory:

Hand Weapons
 a - a +1 sling of electrocution (weapon)
 i - a +1 sling
 u - a +2 dagger of venom
 y - a +2 war axe of draining
Armour
 c - a +0 robe (worn)
 j - a +0 helmet (worn)
Jewellery
 m - a +6 ring of intelligence (left hand)
 t - a ring of ice
 v - a +5 ring of evasion (right hand)
 B - a +6 ring of intelligence
 C - a +6 ring of strength
Wands
 d - a wand of flame (2)
 n - a wand of polymorph (7)
 r - a wand of light (8)
Scrolls
 b - a scroll of poison
 l - a scroll of torment
 o - 2 scrolls of immolation
 w - a scroll of silence
 z - a scroll of fog {unknown}
 D - a scroll of acquirement
 E - a scroll of fear {unknown}
 F - a scroll of revelation
Potions
 e - a potion of heal wounds
 f - 4 potions of curing
 g - 3 potions of mutation {unknown}
 h - 6 potions of haste {unknown}
 k - a potion of ambrosia {unknown}
 p - 3 potions of magic {unknown}
 q - a potion of cancellation {unknown}
 s - a potion of enlightenment {unknown}
 x - a potion of might


   Skills:
 + Level 8.0 Fighting
 * Level 9.7 Ranged Weapons
 - Level 4.6 Dodging
 - Level 2.3 Spellcasting
 - Level 2.3 Conjurations
 - Level 2.3 Hexes
 - Level 2.3 Summonings
 - Level 2.3 Necromancy
 - Level 2.3 Translocations
 - Level 2.3 Transmutations
 - Level 2.3 Fire Magic
 - Level 2.3 Ice Magic
 - Level 2.3 Air Magic
 - Level 2.3 Earth Magic
 - Level 2.3 Poison Magic


You knew the following spells:

 Your Spells              Type           Power      Damage    Failure   Level
a - Slow                  Hex            48%        N/A       4%          1
b - Inner Flame           Hex/Fire       12%        N/A       16%         3
c - Portal Projectile     Hex/Tloc       24%        N/A       16%         3
d - Cause Fear            Hex            6%         N/A       45%         4
e - Magic Dart            Conj           48%        1d5       4%          1
f - Poisonous Vapours     Pois/Air       24%        N/A       8%          2
g - Gell's Gravitas       Tloc           12%        N/A       16%         3
h - Petrify               Tmut/Erth      12%        N/A       45%         4
Your spell library was empty.

Dungeon Overview and Level Annotations

Branches:
Dungeon (7/15)             Temple (0/1) D:5         Ossuary (visited)
 Bailey (1/1)

Altars:
Elyvilon
Gozag
Okawaru
Qazlal
Trog
The Shining One

Shops:
D:1 [


Innate Abilities, Weirdness & Mutations

You are immune to sickness and miasma.
You are immune to poison.
Your flesh is very heat resistant. (rF++)
You are vulnerable to cold. (rC-)
You float through the air rather than walking.
You learn spells naturally, not from books.
Your magical power is your life essence.
You have superior vitality. (+4 MHP)


Message History

The orc warlord is engulfed in poison gas.
The orc warlord looks even sicker.
You shoot a sling bullet.
The sling bullet hits the orc warlord but does no damage.
The orc warlord is heavily wounded.
The orc warlord is engulfed in poison gas.
The orc warlord looks even sicker.
You shoot a sling bullet.
The sling bullet hits the orc warlord but does no damage.
The orc warlord is heavily wounded.
The orc warlord is engulfed in poison gas.
The orc warlord looks as sick as possible!
The orc warlord is engulfed in poison gas.
The orc warlord looks as sick as possible!
The orc warlord attacks as you move away!
The orc warlord hits you with a +8 battleaxe!
There is a fountain of clear blue water here.
You shoot a sling bullet.
The sling bullet hits the orc warlord but does no damage.
Lightning courses through the orc warlord!
The orc warlord is almost dead.
You shoot a sling bullet. The sling bullet hits the orc warlord.
The orc warlord is almost dead.
You shoot a sling bullet.
The sling bullet barely misses the orc warlord.
You shoot a sling bullet. The sling bullet hits the orc warlord.
The orc warlord is almost dead.
You shoot a sling bullet.
The sling bullet barely misses the orc warlord.
You shoot a sling bullet. The sling bullet hits the orc warlord.
The orc warlord is almost dead.
The orc warlord hits you with a +8 battleaxe!!
You are too injured to fight recklessly!
The orc warlord attacks as you move away!
The orc warlord hits you with a +8 battleaxe!
As you read the scroll of teleportation, it crumbles to dust.
You feel strangely unstable.
The orc warlord hits you with a +8 battleaxe!!!
Ouch! That really hurt!
You die...

#.)..)....##.....##
'.........'.○...°.#
##)......##...○○..##
.#.......#...○○....#
.##88.88##....°....##
..###'###..○○.⌠.....#
.## ..###..○......##
.# ....#.○.○..o..# ##
..##○..○.@.## #
#...○...# # ##.....##
####'## # ... # .....
## ##.......# .#
#......... .##
##.........


You could see an orc warlord (very poisoned).

Vanquished Creatures
  Sigmund (D:4)
  Eustachio (D:5)
  Menkaure (D:5)
  3 water moccasins
  3 ice beasts (D:5)
  10 orc warriors (Bailey)
  3 sky beasts (D:6)
  2 ogres
  A centaur (D:5)
  A kobold brigand (D:6)
  2 bullfrogs (D:6)
  An elf zombie (Ossuary)
  4 scorpions
  2 centaur zombies (Ossuary)
  2 hounds (D:6)
  3 orc priests
  A jelly (D:4)
  2 sleepcaps (D:6)
  3 iguanas (D:6)
  5 orc wizards
  Ijyb (D:4)
  2 mummies (Ossuary)
  Robin (D:2)
  9 gnolls
  10 adders
  3 shadow imps
  2 white imps
  2 adder zombies (Ossuary)
  A worm (D:3)
  2 dart slugs
  32 orcs
  4 ball pythons
  5 bats
  7 endoplasms
  3 giant cockroaches
  29 goblins
  14 hobgoblins
  A jackal (D:3)
  3 quokkas
  4 frilled lizards
  2 goblin zombies (Ossuary)
  16 hobgoblin zombies (Ossuary)
  A jackal zombie (Ossuary)
  6 kobolds
  6 kobold zombies (Ossuary)
  6 orc zombies (Ossuary)
  5 rats
  A rat zombie (Ossuary)
229 creatures vanquished.

Notes
Turn   | Place    | Note
-------+----------+-------------------------------------------
     0 | D:1      | Nattfarinn the Djinni Hexslinger began the quest for the
                  | Orb.
     0 | D:1      | Nattfarinn set off with the following spells memorised:
                  | Slow, Inner Flame, Portal Projectile, Cause Fear.
     0 | D:1      | Reached XP level 1. HP: 17/17 MP: 0/0
    82 | D:1      | Reached XP level 2. HP: 22/22 MP: 0/0
    84 | D:1      | Reached skill level 2 in Ranged Weapons
   267 | D:1      | Found Kylua's Antique Armour Boutique.
   530 | D:1      | Found a faded altar of an unknown god.
   752 | D:2      | Reached XP level 3. HP: 27/27 MP: 0/0
   752 | D:2      | Learned a level 1 spell: Magic Dart
   805 | D:2      | Noticed Robin
  1028 | D:2      | Reached XP level 4. HP: 28/33 MP: 0/0
  1086 | D:2      | Killed Robin
  1364 | D:2      | Identified the +12 flail "Akom" {flame, rC+ rN+ Str-2}
  1683 | D:3      | Reached skill level 3 in Ranged Weapons
  1683 | D:3      | Reached XP level 5. HP: 33/38 MP: 0/0
  1683 | D:3      | Learned a level 2 spell: Poisonous Vapours
  2273 | D:3      | Reached XP level 6. HP: 41/45 MP: 0/0
  2551 | D:4      | Found a glowing golden altar of the Shining One.
  2653 | D:4      | Noticed Sigmund
  2689 | D:4      | Killed Sigmund
  2690 | D:4      | Reached skill level 4 in Ranged Weapons
  2690 | D:4      | Reached XP level 7. HP: 48/50 MP: 0/0
  2690 | D:4      | Learned a level 3 spell: Gell's Gravitas
  3053 | D:4      | Noticed Ijyb
  3064 | D:4      | Killed Ijyb
  3625 | D:5      | Entered Level 5 of the Dungeon
  3695 | D:5      | Found a staircase to the Ecumenical Temple.
  4013 | D:5      | Reached skill level 5 in Ranged Weapons
  4028 | D:5      | HP: 1/52 [ice beast (14)]
  4215 | D:5      | Found an iron altar of Okawaru.
  4215 | D:5      | Noticed a water moccasin
  4219 | D:5      | Killed a water moccasin
  4220 | D:5      | Reached XP level 8. HP: 58/58 MP: 0/0
  4224 | D:5      | Became a worshipper of Warmaster Okawaru
  4376 | D:5      | Found a white marble altar of Elyvilon.
  4567 | D:5      | Noticed Eustachio
  4582 | D:5      | Killed Eustachio
  4583 | D:5      | Reached skill level 5 in Fighting
  4583 | D:5      | Reached skill level 6 in Ranged Weapons
  4840 | D:5      | Reached * piety under Okawaru
  5045 | D:5      | Found an opulent altar of Gozag.
  5314 | D:5      | Noticed Menkaure
  5322 | D:5      | Killed Menkaure
  5323 | D:5      | Reached XP level 9. HP: 24/65 MP: 0/0
  5323 | D:5      | Learned a level 4 spell: Petrify
  5594 | D:5      | Reached skill level 7 in Ranged Weapons
  5708 | D:6      | Found a bloodstained altar of Trog.
  5835 | D:6      | Found a sand-covered staircase.
  5845 | Ossuary  | Entered an ossuary
  5971 | Ossuary  | Reached ** piety under Okawaru
  6440 | D:6      | Reached skill level 8 in Ranged Weapons
  6653 | D:6      | Found a stormy altar of Qazlal.
  7450 | D:6      | Reached XP level 10. HP: 72/75 MP: 0/0
  7723 | D:7      | Found a flagged portal.
  7729 | Bailey   | Entered a bailey
  7779 | Bailey   | Reached *** piety under Okawaru
  7851 | Bailey   | Reached skill level 9 in Ranged Weapons
  8447 | Bailey   | Noticed an orc warlord
  8484 | Bailey   | Demolished by an orc warlord

Illustrated notes

Levels and vault maps discovered:
D:1:      evilmike_arrival_hilbert_curve, layout_rooms, serial_shops, shop,
          chequers_ecumenical_altar_grove, minmay_misc_feat_chi,
          minmay_pentomino_o2
D:2:      layout_loops_ring, serial_bayou_ford_a, kennysheep_generic_room_12,
          uniq_robin
D:3:      minmay_inner_zag, layout_basic, mainiacjoe_overflow_boulevard,
          dreamdust_mushroom_princess
D:4:      layout_loops_ring, mainiacjoe_overflow_six_doors_small, uniq_ijyb,
          uniq_sigmund
D:5:      layout_basic, elyvilon_altar_5, nicolae_gozag_seed_capital,
          okawaru_metal_pillars_3, minmay_temple_entry_drinking_statues,
          uniq_crazy_yiuf_cottage, uniq_eustachio, uniq_menkaure
D:6:      minmay_general_purpose_star, layout_basic, bloody_trog,
          nicolae_qazlal_scattered_showers, nicolae_ossuary_entry_ruins,
          minmay_splitting_lines, grunt_ministairs_12, hangedman_decor_opposing,
          wad_floor_pattern_1
D:7:      layout_gridville, dk_xom_monty_hall, enter_bailey_3, uniq_maggie,
          uniq_duvessa, uniq_prince_ribbit1
Bailey:   bailey_axe_minmay_hex_keep, bailey

Skill      XL: |  1  2  3  4  5  6  7  8  9 10 |
---------------+-------------------------------+-----
Ranged Weapons | 2 3 4 5 6 8 9 |  9.7
Fighting       | 2 3 4 5 7 8 |  8.0
Dodging        | 3 4 |  4.6
Spellcasting   | |  2.3
Conjurations   | |  2.3
Hexes          | |  2.3
Summonings     | |  2.3
Necromancy     | |  2.3
Translocations | |  2.3
Transmutations | |  2.3
Fire Magic     | |  2.3
Ice Magic      | |  2.3
Air Magic      | |  2.3
Earth Magic    | |  2.3
Poison Magic   | |  2.3

Action                     |  1- 3 |  4- 6 |  7- 9 | 10-12 || total
---------------------------+-------+-------+-------+-------++-------
  Melee: Sling             |       |       |     1 |       ||     1
   Fire: Sling             |    93 |   109 |   321 |   146 ||   669
   Cast: Slow              |    38 |     4 |    10 |     1 ||    53
         Poisonous Vapours |       |     7 |    15 |     2 ||    24
         Gell's Gravitas   |       |       |    16 |     1 ||    17
         Inner Flame       |       |       |    16 |    13 ||    29
         Petrify           |       |       |     1 |       ||     1
 Invoke: Heroism           |       |       |       |     1 ||     1
    Use: Scroll            |     1 |     2 |     7 |     3 ||    13
         Potion            |       |       |     6 |       ||     6
 Armour: Robe              |     4 |    11 |    25 |     2 ||    42
  Dodge: Dodged            |    24 |    33 |   101 |    19 ||   177

Table legend: (Time is in decaauts)
 A = Elapsed time spent in this place.
 B = Non-inter-level travel time spent in this place.
 C = Inter-level travel time spent in this place.
 D = Time resting spent in this place.
 E = Time spent auto-exploring this place.
 F = Levels seen in this place.
 G = Mean time per level.
                   A        B        C        D        E       F      G
               +--------+--------+--------+--------+--------+-----+--------+
         Total |   8555 |   7909 |    646 |   1870 |   4370 |   9 |  950.6 |
       Dungeon |   7416 |   6770 |    646 |   1373 |   4096 |   7 | 1059.4 |
       Ossuary |    395 |    395 |      0 |    119 |    113 |   1 |  395.0 |
        Bailey |    744 |    744 |      0 |    377 |    161 |   1 |  744.0 |
               +--------+--------+--------+--------+--------+-----+--------+

Top non-repeatable levels by time:
     D:6: 1676 daAuts
     D:4: 1593 daAuts
     D:5: 1429 daAuts
     D:3: 1043 daAuts
     D:2: 920 daAuts
  Bailey: 744 daAuts
     D:1: 713 daAuts
 Ossuary: 395 daAuts
     D:7: 39 daAuts
